 Dungeon Crawl Stone Soup version 0.29-a0-821-g66395355a5 (webtiles) character file.

Game seed: 9246904808245802427

700 kevlar127 the Ruffian (level 7, 0/71 (72) HPs)
             Began as a Troll Berserker on July 7, 2022.
             Was a Priest of Trog.
             Slain by a gnoll
             ... wielding a +0 spear
              (6 damage)
             ... on level 5 of the Dungeon.
             The game lasted 00:06:00 (3411 turns).

kevlar127 the Ruffian (Troll Berserker)             Turns: 3411, Time: 00:06:01

HP:   0/71 (72)     AC:  4    Str: 28    XL:     7   Next: 38%
MP:   6/6           EV: 10    Int:  3    God:    Trog [***...]
Gold: 234           SH:  0    Dex:  9    Spells: 6/6 levels left

rFire   . . .      SeeInvis .     - Unarmed
rCold   . . .      Faith    .   (no shield)
rNeg    . . .      Spirit   .   a - +0 animal skin
rPois   .          Reflect  .   (helmet restricted)
rElec   .          Harm     .   (no cloak)
rCorr   +          Rampage  .   (gloves unavailable)
Will    ++...                   (boots unavailable)
Stlth   +.........              (no amulet)
HPRegen 2.01/turn               f - ring of resist corrosion
MPRegen 0.10/turn               (no ring)

@: strong-willed, regenerating, lightly drained
A: large, unfitting armour, claws 3, regeneration 1, shaggy fur 1, tough skin 1
a: Renounce Religion, Berserk, Trog's Hand


You were on level 5 of the Dungeon.
You worshipped Trog.
Trog was most pleased with you.
You visited 1 branch of the dungeon, and saw 5 of its levels.

You collected 234 gold pieces.

Inventory:

Missiles
 b - 47 stones (quivered)
 c - 5 poisoned darts
 q - 3 curare-tipped darts
Armour
 a - a +0 animal skin (worn)
Jewellery
 f - a ring of resist corrosion (left claw)
 i - a ring of ice
Wands
 o - a wand of polymorph (6)
 x - a wand of paralysis (1)
Scrolls
 e - a scroll of enchant weapon {unknown}
 h - 5 scrolls of teleportation {unknown}
 p - 2 scrolls of blinking {unknown}
 s - a scroll of identify {unknown}
 u - a scroll of vulnerability {unknown}
 w - a scroll of noise {unknown}
Potions
 d - a potion of attraction {unknown}
 g - a potion of heal wounds {unknown}
 j - 2 potions of brilliance {unknown}
 k - 3 potions of curing {unknown}
 l - a potion of ambrosia {unknown}
 m - a potion of lignification {unknown}
 n - 2 potions of resistance {unknown}
 r - a potion of cancellation {unknown}
 t - a potion of magic {unknown}
 v - a potion of invisibility {unknown}


   Skills:
 + Level 5.4 Fighting
 - Level 2.4 Dodging
 + Level 6.5 Unarmed Combat


You had 6 spell levels left.
You didn't know any spells.
Your spell library was empty.

Dungeon Overview and Level Annotations

Branches:
Dungeon (5/15)             Temple (0/1) D:5

Altars:
Elyvilon
Nemelex Xobeh
Trog

Shops:
D:2 *

Annotations:
D:5 2 transporters, lesbiats's ghost, novice PaBe


Innate Abilities, Weirdness & Mutations

You are too large for most types of armour.
You have claws for hands.
Your natural rate of healing is unusually fast.
You are covered in fur. (AC +1)
You have tough skin. (AC +1)


Message History

You scratch the necrophage.
The necrophage is heavily damaged.
The necrophage hits you!
You feel drained.
You claw the necrophage!
You destroy the necrophage!
Trog accepts your kill.
You completely miss the ogre.
A gnoll comes into view. It is wielding a +0 flail.
The ogre misses you.
The gnoll shouts!
You scratch the ogre but do no damage.
The gnoll hits you from afar with a +0 spear.
The ogre barely misses you.
You scratch the orc wizard.
The orc wizard is heavily wounded.
The gnoll closely misses you.
The orc wizard hits you with a +0 dagger.
The gnoll hits you but does no damage.
You barely miss the orc wizard.
The orc wizard is heavily wounded.
The ogre hits you with a +0 giant spiked club!!
The orc wizard hits you with a +0 dagger.
The gnoll hits you from afar with a +0 spear!
* * * LOW HITPOINT WARNING * * *
The gnoll closely misses you.
Your skin crawls.
You feel strong-willed.
The gnoll hits you from afar with a +0 spear.
* * * LOW HITPOINT WARNING * * *
The orc wizard hits you with a +0 dagger.
* * * LOW HITPOINT WARNING * * *
The orc hits you with a +0 short sword.
* * * LOW HITPOINT WARNING * * *
The gnoll closely misses you. The gnoll hits you with a +0 whip.
* * * LOW HITPOINT WARNING * * *
You claw the ogre!
The ogre is moderately wounded.
The ogre closely misses you.
The gnoll hits you from afar with a +0 spear.
You die...

.........#####... ###..
................. ....).
#######...####.###......
l.....##..# #.# .......
W#.#.w8#..####.##..... .
#...#lW#...............
......W#.......#.#.#.#.#
..©...l#©......o.O......
.......#.......#@o.....#
#...#..#..####...g......
.#.#..8#..# #.#.gg>...#
.....©##..# ......g.....
#######...##.#.#.......#
.......... #.#..........
......... . #.#.#.#.#.#
...##... # .........
...########


You could see an ogre, an orc wizard, 4 gnolls and an orc.

Vanquished Creatures
  Grinder (D:5)
  2 ogres
  A centaur (D:5)
  A necrophage (D:5)
  A howler monkey (D:5)
  An iguana (D:3)
  4 adders
  A white imp (D:5)
  2 worms
  2 bats (D:1)
  6 endoplasms
  3 giant cockroaches
  5 goblins
  7 hobgoblins
  3 jackals
  5 quokkas
  6 ball pythons
  2 frilled lizards
  5 kobolds
  23 rats
81 creatures vanquished.

Notes
Turn   | Place    | Note
-------+----------+-------------------------------------------
     0 | D:1      | kevlar127 the Troll Berserker began the quest for the Orb.
     0 | D:1      | Reached XP level 1. HP: 22/22 MP: 0/0
   135 | D:1      | Found a faded altar of an unknown god.
   174 | D:1      | Reached XP level 2. HP: 29/29 MP: 1/1
   776 | D:2      | Found Lus Kub's General Store.
   791 | D:2      | Reached XP level 3. HP: 37/37 MP: 2/2
   832 | D:2      | Reached ** piety under Trog
  1038 | D:2      | You fall into a shaft and drop 2 floors!
  1337 | D:3      | Reached skill level 4 in Unarmed Combat
  1337 | D:3      | Reached XP level 4. HP: 45/45 MP: 3/3
  1527 | D:3      | Found a white marble altar of Elyvilon.
  2484 | D:4      | Found a sparkling altar of Nemelex Xobeh.
  2642 | D:4      | Noticed an ogre
  2647 | D:4      | HP: 2/69 [ogre/+0 giant spiked club (16)]
  2648 | D:4      | Killed an ogre
  2649 | D:4      | Reached XP level 5. HP: 3/54 MP: 4/4
  3032 | D:4      | Reached *** piety under Trog
  3033 | D:4      | Reached skill level 5 in Unarmed Combat
  3202 | D:5      | Entered Level 5 of the Dungeon
  3202 | D:5      | Noticed a centaur
  3211 | D:5      | Killed a centaur
  3212 | D:5      | Reached XP level 6. HP: 53/63 MP: 5/5
  3226 | D:5      | Found a transporter.
  3227 | D:5      | Noticed a komodo dragon
  3229 | D:5      | Noticed lesbiats's ghost (novice PaBe)
  3234 | D:5      | Found a transporter.
  3250 | D:5      | Noticed Grinder
  3262 | D:5      | Killed Grinder
  3263 | D:5      | Reached skill level 6 in Unarmed Combat
  3304 | D:5      | Found a bloodstained altar of Trog.
  3318 | D:5      | Reached skill level 5 in Fighting
  3318 | D:5      | Reached XP level 7. HP: 54/72 MP: 6/6
  3396 | D:5      | Found a staircase to the Ecumenical Temple.
  3411 | D:5      | Slain by a gnoll

Illustrated notes

Levels and vault maps discovered:
D:1:      dpeg_arrival_prison, layout_basic, hellmonk_ecumenical_altar_run_dry,
          minmay_tromino_v2
D:2:      layout_basic, serial_shops, shop, interstate_on_off
D:3:      layout_basic, nicolae_elyvilon_peaceful_grove
D:4:      layout_rooms, nemelex_spade_bored_becter, corexii_leaking_fountain,
          hangedman_feature_mirror, amcnicky_mini_corridor_feature,
          minmay_rat_hole
D:5:      layout_rooms, nicolae_qazlal_eye_of_the_storm,
          overflow_temple_1_default, mainiacjoe_overflow_alcove_2,
          minmay_temple_entry_glass, gammafunk_ghost_arena, uniq_grinder,
          uniq_pikel

Skill      XL: |  1  2  3  4  5  6 |
---------------+-------------------+-----
Fighting       | 3 4 5 |  5.4
Unarmed Combat | 4 5 6 |  6.5
Dodging        | |  2.4

Action                   |  1- 3 |  4- 6 |  7- 9 || total
-------------------------+-------+-------+-------++-------
Melee: Unarmed           |    89 |   110 |    25 ||   224
       Punch             |     3 |     4 |     2 ||     9
Invok: Berserk           |       |     1 |       ||     1
       Trog's Hand       |       |       |     1 ||     1
Armor: Animal skin       |    31 |    32 |     4 ||    67
Dodge: Dodged            |    41 |    45 |    10 ||    96

Table legend: (Time is in decaauts)
 A = Elapsed time spent in this place.
 B = Non-inter-level travel time spent in this place.
 C = Inter-level travel time spent in this place.
 D = Time resting spent in this place.
 E = Time spent auto-exploring this place.
 F = Levels seen in this place.
 G = Mean time per level.
                   A        B        C        D        E       F      G
               +--------+--------+--------+--------+--------+-----+--------+
         Total |   3408 |   3165 |    243 |    264 |   2446 |   5 |  681.6 |
       Dungeon |   3408 |   3165 |    243 |    264 |   2446 |   5 |  681.6 |
               +--------+--------+--------+--------+--------+-----+--------+

Top non-repeatable levels by time:
     D:3: 1308 daAuts
     D:1: 687 daAuts
     D:2: 653 daAuts
     D:4: 556 daAuts
     D:5: 203 daAuts
